 Dungeon Crawl Stone Soup version 0.28-a0-1334-g1c9ffb4daf (webtiles) character file.

Game seed: 3065723085504764983

13422 HessuHobo the Fighter (level 11, -4/139 HPs)
             Began as a Demonspawn Berserker on Dec 28, 2021.
             Was an Elder of Trog.
             Slain by Wizop's ghost (8 damage)
             ... on level 1 of the Lair of Beasts.
             The game lasted 00:19:06 (22834 turns).

HessuHobo the Fighter (Demonspawn Berserker)       Turns: 22834, Time: 00:19:07

Health: -4/139     AC: 24    Str: 22    XL:     11   Next: 75%
Magic:  11/11      EV:  7    Int:  8    God:    Trog [****..]
Gold:   432        SH:  0    Dex: 13    Spells: 10/10 levels left

rFire   . . .      SeeInvis .   K - +4 war axe (vamp)
rCold   . . .      Faith    .   J - orb {light}
rNeg    + . .      Spirit   .   L - +0 plate armour
rPois   .          Reflect  .   R - +2 helmet
rElec   .          Harm     .   v - +0 cloak
rCorr   .          Rampage  .   (no gloves)
Will    .....                   w - +0 pair of boots
Stlth   ..........              (no amulet)
HPRegen 0.33/turn               j - ring of positive energy
MPRegen 0.12/turn               (no ring)

@: berserking (expiring), glowing, very quick
A: hooves 2, icy blue scales 2, ignite blood 1, powered by pain 1
a: Renounce Religion, Berserk, Trog's Hand, Brothers in Arms


You were on level 1 of the Lair of Beasts.
You worshipped Trog.
Trog was greatly pleased with you.
You visited 2 branches of the dungeon, and saw 12 of its levels.
You also visited: Sewer.

You collected 657 gold pieces.
You spent 225 gold pieces at shops.

Inventory:

Hand Weapons
 a - a +3 hand axe of electrocution
 o - the +4 hunting sling of the Eight Blessings {freeze, rC+}
   (You found it on level 3 of the Dungeon)

   Any ammunition fired from it freezes those it strikes, dealing additional
   cold damage.
   It can also slow down cold-blooded creatures.
   rC:        It protects you from cold.
 x - a +0 war axe
 K - a +4 vampiric war axe (weapon)
Missiles
 l - 37 bolts
Armour
 v - a +0 cloak (worn)
 w - a +0 pair of boots (worn)
 J - an orb of light (worn)
 L - a +0 plate armour (worn)
 P - an orb of mayhem
 R - a +2 helmet (worn)
Jewellery
 d - a ring of fire
 j - a ring of positive energy (left hand)
 N - a +6 ring of strength
Wands
 g - a wand of mindburst (13)
 D - a wand of iceblast (24)
 M - a wand of polymorph (5)
 O - a wand of paralysis (10)
Scrolls
 c - 3 scrolls of magic mapping
 e - a scroll of enchant armour {unknown}
 f - 2 scrolls of torment {unknown}
 h - 5 scrolls of teleportation
 n - 2 scrolls of enchant weapon
 y - 4 scrolls of brand weapon
 z - 4 scrolls of immolation
 A - 6 scrolls of identify
 C - a scroll of silence {unknown}
 E - a scroll of holy word {unknown}
 F - a scroll of vulnerability {unknown}
 G - 3 scrolls of noise {unknown}
 H - 6 scrolls of fog
Potions
 b - 3 potions of degeneration
 i - 4 potions of haste
 k - 2 potions of curing {unknown}
 m - 2 potions of resistance {unknown}
 p - a potion of mutation {unknown}
 q - 6 potions of heal wounds
 r - 2 potions of magic {unknown}
 s - a potion of invisibility {unknown}
 t - 4 potions of brilliance {unknown}
 u - a potion of cancellation {unknown}
 B - a potion of lignification {unknown}
 Q - 2 potions of attraction {unknown}
Miscellaneous
 I - a piece from Xom's chessboard (15/15)


   Skills:
 + Level 11.5 Fighting
 + Level 10.6 Axes
 + Level 10.3 Armour
 - Level 1.7 Dodging


You had 10 spell levels left.
You didn't know any spells.
Your spell library was empty.

Dungeon Overview and Level Annotations

Branches:
Dungeon (11/15)            Temple (0/1) D:4            Lair (1/6) D:9
    Orc (0/2) D:9           Sewer (visited)

Altars:
Cheibriados
Dithmenos
Elyvilon
Fedhas
Gozag
Makhleb
Okawaru
Trog
Uskayaw
Xom
Yredelemnul
The Shining One

Shops:
D:1 (   D:2 ?

Annotations:
D:10 2 transporters, Htamos's ghost, journeyman FoVM
Lair:1 Wizop's ghost, journeyman FoFi


Innate Abilities, Weirdness & Mutations

You have hoof-like feet.
You are mostly covered in icy blue scales. (AC +3)
Your demonic aura sometimes causes spilled blood to erupt in flames.
You sometimes gain a little power by taking damage.


Message History

Wizop's ghost hits you.
* * * LOW HITPOINT WARNING * * *
Wizop's ghost freezes you.
* * * LOW HITPOINT WARNING * * *
You barely miss Wizop's ghost.
Wizop's ghost is severely damaged.
Wizop's ghost hits you but does no damage.
You are too berserk!
You hit Wizop's ghost.
Wizop's ghost is severely damaged.
You miss Wizop's ghost.
Wizop's ghost is severely damaged.
Wizop's ghost barely misses you.
You hit Wizop's ghost.
Wizop's ghost is severely damaged.
Wizop's ghost hits you but does no damage.
You hit Wizop's ghost.
Wizop's ghost is severely damaged.
You closely miss Wizop's ghost.
Wizop's ghost is severely damaged.
Wizop's ghost hits you.
* * * LOW HITPOINT WARNING * * *
Wizop's ghost freezes you.
* * * LOW HITPOINT WARNING * * *
You barely miss Wizop's ghost.
Wizop's ghost is severely damaged.
You slash Wizop's ghost!
Wizop's ghost is almost destroyed.
Wizop's ghost says, "Your head would complement my pike nicely."
Wizop's ghost hits you!
* * * LOW HITPOINT WARNING * * *
Wizop's ghost freezes you.
* * * LOW HITPOINT WARNING * * *
You miss Wizop's ghost.
Wizop's ghost is almost destroyed.
Wizop's ghost hits you but does no damage.
Your plate armour prevents you from hitting Wizop's ghost.
Wizop's ghost is almost destroyed.
Wizop's ghost hits you!
You die...

..####...### ##......P#
....#...## ##.....P# .......##
#.....## #.......# ##.....#
####...## #......# ####..#######
##.....# ........#.#.#####
##...##
................#########...# ###
................@#...[|##...###..
.................W≈≈≈≈?#.........
.................#....=#.........
.................#######.....(..(
.......................##...#.#..
................#########....####
........######### #.....#
###...### #.....# ###....#
#.....#


You could see Wizop's ghost.

Vanquished Creatures
  A hydra (Lair:1)
  3 death yaks (D:9)
  Urug (D:9)
  Pikel (D:4)
  A centaur zombie (D:8)
  4 cane toads (Lair:1)
  4 komodo dragons
  A kobold demonologist (D:10)
  A troll (D:10)
  3 wyverns
  A human (D:9)
  A basilisk (Lair:1)
  13 yaks
  Menkaure (D:5)
  Edmund (D:4)
  An acid dragon (D:8)
  4 water moccasins
  2 orc warriors
  2 black bears
  A sky beast (D:7)
  An ice beast (D:8)
  2 necrophages
  5 wolves (Lair:1)
  2 ogres
  A phantom (D:7)
  5 centaurs
  4 lemures
  2 kobold brigands (Sewer)
  6 bullfrogs
  3 scorpions
  A water moccasin skeleton (D:4)
  4 killer bees (D:7)
  A crimson imp (D:3)
  3 orc priests
  A human zombie (D:9)
  2 gnoll shamans
  2 hounds
  2 bullfrog skeletons (D:6)
  3 centaur skeletons
  Natasha (thrice) (D:4)
  4 orc wizards
  A hell rat (D:9)
  A killer bee zombie (D:4)
  A hound skeleton (D:5)
  3 howler monkey zombies
  9 gnolls
  11 adders
  3 river rats (Sewer)
  An ufetubus (D:4)
  An adder zombie (D:5)
  2 adder skeletons
  A worm (D:2)
  A dart slug (D:4)
  32 orcs
  3 bats (D:1)
  8 endoplasms
  8 giant cockroaches
  4 goblins
  9 hobgoblins
  3 jackals (D:3)
  3 quokkas
  13 ball pythons
  2 frilled lizards
  2 goblin skeletons (D:3)
  A goblin zombie (D:3)
  5 hobgoblin zombies (D:3)
  20 kobolds
  An orc skeleton (D:3)
  19 rats
272 creatures vanquished.

Vanquished Creatures (others)
  3 fungi (Lair:1)
  2 plants (Lair:1)
5 creatures vanquished.

Grand Total: 277 creatures vanquished

Notes
Turn   | Place    | Note
-------+----------+-------------------------------------------
     0 | D:1      | HessuHobo the Demonspawn Berserker began the quest for the
                  | Orb.
     0 | D:1      | Reached XP level 1. HP: 18/18 MP: 1/1
   252 | D:1      | Found a faded altar of an unknown god.
   369 | D:1      | Gained mutation: You are partially covered in icy blue
                  | scales. (AC +2) [demonic ancestry]
   369 | D:1      | Reached XP level 2. HP: 13/24 MP: 2/2
   700 | D:1      | Found Sisinyqi's Antique Weapon Shop.
  1346 | D:1      | Reached XP level 3. HP: 17/29 MP: 3/3
  1802 | D:2      | Reached ** piety under Trog
  2459 | D:2      | Found Luxoug Qoscho's Magic Scroll Shoppe.
  3105 | D:2      | Gained mutation: You sometimes gain a little power by
                  | taking damage. [demonic ancestry]
  3105 | D:2      | Reached XP level 4. HP: 16/37 MP: 4/4
  4138 | D:3      | Found a glowing drain.
  4142 | D:3      | Identified the +4 hunting sling of the Eight Blessings
                  | {freeze, rC+}
  4158 | D:3      | Reached skill level 4 in Fighting
  4200 | Sewer    | Entered a sewer
  4749 | Sewer    | Noticed a kobold brigand
  4760 | Sewer    | Killed a kobold brigand
  4761 | Sewer    | Reached XP level 5. HP: 37/43 MP: 5/5
  5585 | Sewer    | Gained mutation: You have large cloven feet. [demonic
                  | ancestry]
  5585 | Sewer    | Reached XP level 6. HP: 16/49 MP: 6/6
  6113 | D:3      | Reached *** piety under Trog
  6556 | D:4      | Noticed Pikel
  7049 | D:4      | Reached skill level 5 in Fighting
  7109 | D:4      | Gained mutation: You are mostly covered in icy blue scales.
                  | (AC +3) [demonic ancestry]
  7109 | D:4      | Reached XP level 7. HP: 49/56 MP: 7/7
  7267 | D:4      | Noticed Natasha
  7274 | D:4      | Killed Natasha
  7582 | D:4      | Found a staircase to the Ecumenical Temple.
  7604 | D:4      | Noticed Natasha
  7611 | D:4      | Killed Natasha
  7616 | D:4      | Identified the +0 leather armour of Gravity {Dex+5}
  7762 | D:4      | Found a snail-covered altar of Cheibriados.
  8012 | D:4      | Noticed Edmund
  8389 | D:4      | Killed Edmund
  8390 | D:4      | Reached skill level 5 in Axes
  8619 | D:4      | Found a shadowy altar of Dithmenos.
  8621 | D:4      | Found a blossoming altar of Fedhas.
  8621 | D:4      | Noticed Natasha
  8627 | D:4      | Killed Natasha
  8840 | D:4      | Killed Pikel
  8841 | D:4      | Reached skill level 6 in Fighting
  8841 | D:4      | Reached skill level 5 in Armour
  8841 | D:4      | Reached XP level 8. HP: 65/65 MP: 8/8
  9066 | D:5      | Entered Level 5 of the Dungeon
  9482 | D:5      | Reached skill level 7 in Fighting
  9559 | D:5      | Noticed Menkaure
  9582 | D:5      | Killed Menkaure
 11072 | D:6      | Gained mutation: Your demonic aura sometimes causes spilled
                  | blood to erupt in flames. [demonic ancestry]
 11072 | D:6      | Reached XP level 9. HP: 61/72 MP: 9/9
 11214 | D:6      | Found an iron altar of Okawaru.
 11950 | D:6      | Reached **** piety under Trog
 12141 | D:6      | Reached skill level 8 in Fighting
 15141 | D:2      | Bought a scroll of fog for 20 gold pieces
 15141 | D:2      | Bought a scroll of teleportation for 30 gold pieces
 15141 | D:2      | Bought a scroll of magic mapping for 35 gold pieces
 15141 | D:2      | Bought a scroll of magic mapping for 35 gold pieces
 15141 | D:2      | Bought a scroll of enchant weapon for 75 gold pieces
 15141 | D:2      | Bought a scroll of teleportation for 30 gold pieces
 15275 | D:8      | Gained mutation: You have hoof-like feet. [demonic
                  | ancestry]
 15275 | D:8      | Reached XP level 10. HP: 82/82 MP: 10/10
 15299 | D:8      | Found an opulent altar of Gozag.
 15373 | D:8      | Reached skill level 9 in Fighting
 16137 | D:8      | Found a shimmering altar of Xom.
 16138 | D:8      | Found a hide-covered altar of Uskayaw.
 16741 | D:9      | Found a runed translucent door.
 16766 | D:9      | Found a basalt altar of Yredelemnul.
 16910 | D:9      | Noticed a death yak
 16928 | D:9      | Killed a death yak
 17198 | D:9      | Found a staircase to the Lair.
 17198 | D:9      | Noticed a death yak
 17199 | D:9      | Noticed a death yak
 17213 | D:9      | Killed a death yak
 17214 | D:9      | Reached skill level 10 in Fighting
 17222 | D:9      | Killed a death yak
 17539 | D:9      | Found a staircase to the Orcish Mines.
 17869 | D:10     | Entered Level 10 of the Dungeon
 17990 | D:10     | Found a burning altar of Makhleb.
 18058 | D:10     | Identified the -1 pair of boots "Earthly Heaven" {-Tele
                  | Str+6}
 18101 | D:10     | Found a transporter.
 18130 | D:10     | Found a transporter.
 18131 | D:10     | Noticed a two-headed ogre
 18149 | D:10     | Noticed a moth of wrath
 18149 | D:10     | Noticed a two-headed ogre
 18149 | D:10     | Noticed a tengu warrior
 18150 | D:10     | Noticed Htamos's ghost (journeyman FoVM)
 18154 | D:10     | Found a bloodstained altar of Trog.
 18753 | D:11     | Reached XP level 11. HP: 67/92 MP: 11/11
 18903 | D:11     | Noticed a boulder beetle
 19063 | Lair:1   | Entered Level 1 of the Lair of Beasts
 20045 | Lair:1   | Noticed Urug
 20520 | D:9      | Killed Urug
 20521 | D:9      | Reached skill level 10 in Axes
 21147 | Lair:1   | Reached skill level 11 in Fighting
 21311 | Lair:1   | Reached skill level 10 in Armour
 21642 | Lair:1   | Noticed a four-headed hydra
 21658 | Lair:1   | Killed an 11-headed hydra
 21898 | Lair:1   | Found a runed translucent door.
 21903 | Lair:1   | Noticed Wizop's ghost (journeyman FoFi)
 22832 | Lair:1   | HP: 3/139 [Wizop's ghost (4)]
 22834 | Lair:1   | Slain by Wizop's ghost

Illustrated notes

Levels and vault maps discovered:
D:1:      sevenhm_arrival_forest_fort_large_4, layout_loops_ring, serial_shops,
          nicolae_lakefront_shop, shapermc_ecumenical_altar_acropolis,
          chequers_serial_rivers_marsh, minmay_quantized
D:2:      layout_rooms, serial_shops, nicolae_shop_statue_plus
D:3:      layout_loops_cross, nicolae_tso_besieged_by_evil,
          gup_sewer_entry_glass, minmay_misc_feat_rows
D:4:      layout_rooms, kennysheep_slug_shrine, grunt_temple_overflow_diamond,
          minmay_temple_entry_trees, uniq_pikel, uniq_edmund, uniq_natasha
D:5:      black_bear_nest_1, layout_loops_cross, chequers_serial_rivers_marsh,
          uniq_menkaure
D:6:      layout_loops_ring, okawaru_ov_weapons_minmay, nrook_loot_triangle
D:7:      layout_layer_cave, hellmonk_bongcloud_opening
D:8:      layout_basic, gammafunk_temple_overflow_statue, grunt_gozag_statues
D:9:      layout_basic, dk_yredelemnul_ordeal, dpeg_lair_monsters, orc_0_dummy
D:10:     layout_roguey, mainiacjoe_overflow_six_doors_small,
          gammafunk_ghost_wrathful_warriors
D:11:     layout_roguey, palyth_stone_intersect, kennysheep_small_square,
          uniq_josephine
Lair:1:   layout_hall_layers, ebering_ghost_reflecting_pool, uniq_urug

Skill      XL: |  1  2  3  4  5  6  7  8  9 10 11 |
---------------+----------------------------------+-----
Armour         | 2 3 4 5 6 7 9 10 | 10.3
Axes           | 3 4 5 6 8 9 10 | 10.6
Fighting       | 4 5 6 7 8 10 11 | 11.5
Dodging        | |  1.7

Action                   |  1- 3 |  4- 6 |  7- 9 | 10-12 || total
-------------------------+-------+-------+-------+-------++-------
Melee: Hand axe          |   126 |   248 |   216 |   175 ||   765
       War axe           |       |    88 |   135 |    94 ||   317
Invok: Berserk           |     1 |     3 |     3 |     3 ||    10
       Trog's Hand       |       |       |     3 |       ||     3
  Use: Scroll            |       |       |     6 |       ||     6
 Stab: Sleeping          |     1 |       |       |       ||     1
Armor: Animal skin       |    16 |       |       |       ||    16
       Ring mail         |    24 |   161 |    48 |       ||   233
       Chain mail        |       |       |   173 |       ||   173
       Plate armour      |       |       |     5 |   158 ||   163
Dodge: Dodged            |    76 |   209 |   189 |    80 ||   554

Table legend: (Time is in decaauts)
 A = Elapsed time spent in this place.
 B = Non-inter-level travel time spent in this place.
 C = Inter-level travel time spent in this place.
 D = Time resting spent in this place.
 E = Time spent auto-exploring this place.
 F = Levels seen in this place.
 G = Mean time per level.
                   A        B        C        D        E       F      G
               +--------+--------+--------+--------+--------+-----+--------+
         Total |  23010 |  22083 |    927 |  11897 |   7846 |  13 | 1770.0 |
       Dungeon |  19040 |  18114 |    926 |   9597 |   6700 |  11 | 1730.9 |
          Lair |   2085 |   2085 |      0 |    999 |    871 |   1 | 2085.0 |
         Sewer |   1885 |   1885 |      0 |   1300 |    274 |   1 | 1885.0 |
               +--------+--------+--------+--------+--------+-----+--------+

Top non-repeatable levels by time:
     D:9: 3167 daAuts
     D:7: 2203 daAuts
     D:5: 2159 daAuts
     D:3: 2125 daAuts
  Lair:1: 2085 daAuts
     D:2: 1959 daAuts
   Sewer: 1885 daAuts
     D:1: 1803 daAuts
     D:4: 1694 daAuts
     D:6: 1597 daAuts
     D:8: 1160 daAuts
    D:10: 966 daAuts
    D:11: 202 daAuts
